 Dungeon Crawl Stone Soup version 0.23.2-30-g0e89c35649 (webtiles) character file.

Game seed: 14920902851818771671

496 funkygono the Conjurer (level 6, 0/46 HPs)
             Began as a Draconian Conjurer on June 22, 2019.
             Shot with an arrow by a centaur (6 damage)
             ... on level 5 of the Dungeon.
             The game lasted 00:11:49 (4700 turns).

funkygono the Conjurer (Draconian Conjurer)         Turns: 4700, Time: 00:11:50

Health: 0/46       AC:  9    Str: 11    XL:     6   Next: 93%
Magic:  8/13       EV: 12    Int: 17    God:
Gold:   208        SH:  0    Dex:  9    Spells: 9/15 levels left

rFire    . . .     SeeInvis .   j - staff of air
rCold    . . .     Gourm    +   (no shield)
rNeg     . . .     Faith    .   (armour unavailable)
rPois    .         Spirit   .   (helmet restricted)
rElec    +         Reflect  .   (no cloak)
rCorr    .         Harm     .   f - +2 pair of gloves
MR       .....                  (no boots)
Stlth    ++........             i - amulet of the gourmand
HPRegen  0.15/turn              m - -2 ring of dexterity (curse)
MPRegen  0.13/turn              (no ring)

@: no status effects
A: unfitting armour, cold-blooded, AC +6
a: no special abilities


You were on level 5 of the Dungeon.
You were not hungry.

You visited 1 branch of the dungeon, and saw 5 of its levels.

You collected 208 gold pieces.

Inventory:

Hand Weapons
 a - a +1 whip
Missiles
 d - 133 stones (quivered)
Armour
 f - a +2 pair of gloves (worn)
 h - a +0 buckler
 k - a +0 large shield
Magical Staves
 j - an uncursed staff of air (weapon)
Jewellery
 i - an amulet of the gourmand (around neck)
 m - a cursed -2 ring of dexterity (left hand)
Wands
 q - a wand of digging (3)
Scrolls
 c - 3 scrolls of teleportation
 e - 2 scrolls of enchant armour
 n - a scroll of identify
Potions
 l - a potion of curing
 o - a potion of flight
Comestibles
 b - 4 rations


   Skills:
 + Level 0.8 Fighting
 + Level 0.9(1.0) Maces & Flails
 + Level 0.1(0.5) Staves
 + Level 2.1 Dodging
 + Level 3.0 Stealth
 * Level 0.9 Shields
 * Level 5.2 Spellcasting
 + Level 5.2 Conjurations


You had 9 spell levels left.
You knew the following spells:

 Your Spells              Type           Power        Failure   Level  Hunger
a - Magic Dart            Conj           ###.         1%          1    None
b - Searing Ray           Conj           ###...       2%          2    #......
c - Dazzling Spray        Conj/Hex       ##....       14%         3    ###....

Your spell library contained the following spells:

 Spells                   Type           Power        Failure   Level  Hunger
 Iskenderun's Mystic Bla  Conj           ###.....     16%         4    ####...
 Force Lance              Conj/Tloc      ##......     43%         4    ####...
 Fulminant Prism          Conj/Hex       ##........   43%         4    ####...


Dungeon Overview and Level Annotations

Branches:
Dungeon (5/15)
 Temple: D:4-7

Altars:
Xom

Shops:
D:4 *


Innate Abilities, Weirdness & Mutations

Your plain brown scales are hard. (AC +6)
You cannot fit into any form of body armour.
You are cold-blooded and may be slowed by cold attacks.


Message History

The centaur shoots an arrow.
The arrow barely misses you.
You see here 17 poisoned needles.
Casting: Magic Dart (safe; 1% risk of failure)
Confirm with . or Enter, or press ? or * to list all spells.
Aiming: Searing Ray (safe; 2% risk of failure)
Press: ? - help, Shift-Dir - straight line, f/p - centaur
Aim: a centaur, wielding a +0 shortbow and carrying a wand of disintegration (11) (lightly wounded)
The searing ray hits the centaur.
The centaur is moderately wounded. (Press . to maintain the ray.)
The centaur shoots an arrow.
The arrow hits you!
The searing ray hits the centaur.
The centaur is heavily wounded.
The centaur zaps a wand.
You are blasted!
* * * LOW HITPOINT WARNING * * *
The centaur zaps a wand.
You barely resist.
The searing ray hits the centaur.
The centaur is heavily wounded.
The centaur shoots an arrow.
The arrow hits you.
You die...

###.######
.....c.@(#
###.####(#
#.# #.#
#.# #.#
###.#
#...#
#.###


You could see a centaur.

Vanquished Creatures
  Menkaure (D:4)
  A scorpion (D:4)
  2 hounds (D:4)
  2 worker ants (D:4)
  8 gnolls
  6 adders
  2 oozes
  An adder skeleton (D:4)
  3 worms
  2 dart slugs
  4 leopard geckos
  An orc (D:3)
  2 ball pythons (D:2)
  3 giant cockroaches
  8 goblins
  7 hobgoblins
  6 bats
  5 frilled lizards
  9 kobolds
  5 rats
78 creatures vanquished.

Notes
Turn   | Place    | Note
-------+----------+-------------------------------------------
     0 | D:1      | funkygono the Draconian Conjurer began the quest for the
                  | Orb.
     0 | D:1      | Reached XP level 1. HP: 14/14 MP: 3/3
   257 | D:1      | Reached XP level 2. HP: 20/20 MP: 0/5
   315 | D:1      | Learned a level 2 spell: Searing Ray
  1220 | D:1      | Reached XP level 3. HP: 26/26 MP: 1/6
  1225 | D:1      | Learned a level 3 spell: Dazzling Spray
  1496 | D:2      | Found a faded altar of an unknown god.
  2066 | D:2      | Reached XP level 4. HP: 31/33 MP: 0/8
  2623 | D:3      | Found a shimmering altar of Xom.
  2816 | D:3      | Reached skill level 5 in Conjurations
  2953 | D:3      | Reached XP level 5. HP: 39/39 MP: 7/10
  3825 | D:4      | Reached XP level 6. HP: 46/46 MP: 7/12
  4047 | D:4      | Noticed Menkaure
  4060 | D:4      | Killed Menkaure
  4060 | D:4      | Reached skill level 5 in Spellcasting
  4255 | D:4      | Found Nuotaet's Serpentskin Sales.
  4661 | D:5      | Entered Level 5 of the Dungeon
  4700 | D:5      | Shot with an arrow by a centaur

Skill      XL: |  1  2  3  4  5  6 |
---------------+-------------------+-----
Dodging        | 2 |  2.1
Stealth        | 2 3 |  3.0
Spellcasting   | 3 4 5 |  5.2
Conjurations   | 5 |  5.2
Fighting       | |  0.8
Maces & Flails | |  0.9
Staves         | |  0.1
Shields        | |  0.9

Action                   |  1- 3 |  4- 6 || total
-------------------------+-------+-------++-------
Melee: Unarmed           |     5 |       ||     5
       Tailslap          |     3 |     3 ||     6
       Whip              |     3 |    15 ||    18
       Staff             |       |    13 ||    13
 Cast: Magic Dart        |    82 |   102 ||   184
       Searing Ray       |     1 |    14 ||    15
       Dazzling Spray    |       |     1 ||     1
  Use: Scroll            |     3 |     7 ||    10
       Potion            |       |     2 ||     2
  Eat: Chunk             |     4 |     7 ||    11
       Ration            |       |     1 ||     1
Armor: Skin              |     3 |    17 ||    20
Dodge: Dodged            |     7 |    40 ||    47
Block: Buckler           |       |     1 ||     1
